AoeStats
← phamtrankhoanhi202

Arabia

510266404Analyzed
1v1 RM · 2d ago on Sep 30, 2026· 28m 56s· 2 players
Game mode
Random Map
Map size
Tiny (2 player)
Population
200
Speed
Normal
Resources
Standard
Victory
Conquest
Starting age
Dark Age
Ending age
Imperial Age
RankedLock teamsTeams togetherTeam positionsShared explorationLock speedFull tech treeHidden civsTurbo modeCheats
Victory
Defeat
🇻🇳 Franks · Vietnam
945
+18
🇹🇷 Goths · Türkiye
981
-18
phamtrankhoanhi202
10:42 Feudal Age
8:58 Loom
17:09 Castle Age
18:42 Wheelbarrow
18:25 Forging
18:58 Wheelbarrow
21:16 Town Watch
22:17 Iron Casting
22:37 Husbandry
23:32 Scale Barding Armor
28:15 Chain Barding Armor
27:51 Fletching
symptom B
7:13 Loom
9:53 Feudal Age
16:48 Castle Age
16:25 Double-Bit Axe
16:34 Horse Collar
17:11 Gold Mining
21:25 Heavy Plow
21:41 Man-at-Arms
22:23 Squires
23:45 Wheelbarrow
22:55 Long Swordsman
26:31 Forging
26:22 Scale Mail Armor
Connection lost

Rejoining the realm…

Still unreachable

The connection could not be restored.

Session expired

The server has moved on; the page needs a fresh start.